 Dungeon Crawl Stone Soup version 0.30-a0-847-g17996783a1 (webtiles) character file.

Game seed: 17875295532044143888

2731 retardedninja the Blocker (level 9, -3/75 HPs)
             Began as a Gnoll Fighter on Mar 3, 2023.
             Killed from afar by an electric eel (4 damage)
             ... with a bolt of electricity
             ... on level 6 of the Dungeon.
             The game lasted 00:10:01 (5773 turns).

retardedninja the Blocker (Gnoll Fighter)           Turns: 5773, Time: 00:10:02

Health: -3/75      AC: 14    Str: 20    XL:     9   Next: 67%
Magic:  17/17      EV:  9    Int:  7    God:
Gold:   347        SH:  0    Dex: 12    Spells: 19/19 levels left

rFire   . . .      SeeInvis +    u - +4 dire flail (drain)
rCold   . . .      Faith    .    (shield currently unavailable)
rNeg    . . .      Spirit   .    i - +0 chain mail
rPois   .          Reflect  .    o - +2 hat
rElec   .          Rampage  .    (no cloak)
rCorr   .                        x - +0 pair of gloves
Will    .....                    (no boots) Stlth
                                 (no amulet)
HPRegen 0.32/turn                l - ring of see invisible
MPRegen 0.15/turn                (no ring)

@: no status effects
A: fangs 1, strong nose, distributed training
a: no special abilities


You were on level 6 of the Dungeon.
You visited 1 branch of the dungeon, and saw 6 of its levels.
You also visited: Ossuary.

You collected 347 gold pieces.

Inventory:

Hand Weapons
 a - a +0 flail
 u - a +4 dire flail of draining (weapon)
Missiles
 s - 3 silver javelins (quivered)
Armour
 c - a +0 buckler
 i - a +0 chain mail (worn)
 o - a +2 hat (worn)
 x - a +0 pair of gloves (worn)
Jewellery
 h - a ring of ice
 l - a ring of see invisible (left hand)
 B - a +6 ring of strength
Wands
 r - a wand of polymorph (3)
 w - a wand of paralysis (15)
 D - a wand of iceblast (12)
Scrolls
 b - a scroll of vulnerability
 f - 5 scrolls of teleportation
 g - a scroll of amnesia {unknown}
 n - 3 scrolls of fog
 q - a scroll of poison {unknown}
 t - a scroll of butterflies {unknown}
 v - a scroll of enchant armour {unknown}
 y - a scroll of magic mapping
Potions
 d - 2 potions of attraction
 e - a potion of ambrosia {unknown}
 j - a potion of magic {unknown}
 k - 5 potions of lignification
 p - 4 potions of mutation
 z - 2 potions of berserk rage
 A - 3 potions of curing
 C - a potion of resistance {unknown}
 E - 3 potions of heal wounds


   Skills:
 + Level 8.6 Fighting
 + Level 5.5 Short Blades
 + Level 5.5 Long Blades
 + Level 5.5 Axes
 + Level 7.2 Maces & Flails
 + Level 5.5 Polearms
 + Level 5.5 Staves
 + Level 5.5 Ranged Weapons
 + Level 5.5 Throwing
 + Level 8.6 Armour
 + Level 5.5 Dodging
 + Level 5.5 Stealth
 + Level 8.6 Shields
 + Level 5.5 Unarmed Combat
 + Level 5.5 Spellcasting
 + Level 4.5 Conjurations
 + Level 4.5 Hexes
 + Level 4.5 Summonings
 + Level 4.5 Necromancy
 + Level 4.5 Translocations
 + Level 4.5 Transmutations
 + Level 4.5 Fire Magic
 + Level 4.5 Ice Magic
 + Level 4.5 Air Magic
 + Level 4.5 Earth Magic
 + Level 4.5 Poison Magic
 + Level 6.0 Invocations
 + Level 5.5 Evocations


You had 19 spell levels left.
You didn't know any spells.
Your spell library contained the following spells:

 Spells                   Type           Power      Damage    Failure   Level
 Apportation              Tloc           16%        N/A       32%         1
 Necrotise                Necr           32%        1d5       32%         1
 Slow                     Hex            32%        N/A       32%         1
 Summon Small Mammal      Summ           32%        N/A       32%         1
 Confusing Touch          Hex            8%         N/A       67%         3
 Inner Flame              Hex/Fire       8%         N/A       67%         3
 Portal Projectile        Hex/Tloc       16%        N/A       67%         3
 Tukima's Dance           Hex            8%         N/A       67%         3
 Vampiric Draining        Necr           8%         2d6       67%         3
 Cause Fear               Hex            4%         N/A       97%         4
 Blade Hands              Tmut           4%         N/A       100%        5
 Discord                  Hex            4%         N/A       100%        8


Dungeon Overview and Level Annotations

Branches:
Dungeon (6/15)            Ossuary (visited)
 Temple: D:4-7

Altars:
Elyvilon
Nemelex Xobeh
Vehumet
Yredelemnul

Annotations:
D:4 1 runed translucent door, Crazy Yiuf


Innate Abilities, Weirdness & Mutations

You have very sharp teeth.
Your uncanny sense of smell can sniff out nearby items.
Your experience applies equally to all skills.


Message History

The electric eel moves out of view.
A jelly is nearby!
No reachable target in view!
No reachable target in view!
You thump the plant!
The plant begins to die.
You bite the plant.
The plant is lightly damaged.
You hit the plant. You bite the plant.
The plant is lightly damaged.
You hit the plant. You bite the plant.
The plant is lightly damaged.
You hit the plant. You bite the plant.
The plant is lightly damaged.
You impale the plant!! You drain the plant!
The plant is moderately damaged.
A nearby plant withers and dies.
The jelly barely misses you. The jelly hits you but does no damage.
The electric eel shoots out a bolt of lightning at you!
The bolt of electricity hits you! x2
You puncture the plant!
The plant begins to die.
The plant is lightly damaged.
The jelly hits you but does no damage.
The electric eel shoots out a bolt of lightning at you!
The bolt of electricity hits you! x2
You puncture the plant! You drain the plant. You bite the plant.
The plant is lightly damaged.
The jelly hits you.
You are splashed with acid!
The electric eel shoots out a bolt of lightning at you!
The bolt of electricity hits you!
* * * LOW HITPOINT WARNING * * *
The bolt of electricity hits you.
* * * LOW HITPOINT WARNING * * *
You impale the plant!! You drain the plant.
You bite the plant, but do no damage.
The plant is moderately damaged.
The jelly hits you but does no damage.
The electric eel shoots out a bolt of lightning at you!
The bolt of electricity hits you!
* * * LOW HITPOINT WARNING * * *
The bolt of electricity hits you.
You die...

.PP≈. .P# ..#≈.
#.# #..P≈.≈.P#
#.P.≈.≈P..
#..#≈.≈#P#
..PP≈.≈PP#
..P.≈s≈.P#
..P#≈.≈#@# #..
....≈.S.J####.#
...P≈.≈....##.#
...#≈.≈#...##.#
∆ #≈.≈##..##.#
#≈≈.≈ ##.##.#
#≈≈... #.##.#
#≈⌠._. #....#
#≈≈... #.####


You could see a scorpion, a jelly and an electric eel.

Vanquished Creatures
  Grinder (D:2)
  6 yaks (D:4)
  Edmund (D:3)
  A black bear (D:4)
  11 scorpions
  A howler monkey (D:3)
  A centaur zombie (Ossuary)
  A jelly (D:5)
  2 hounds
  An orc priest (D:5)
  A sleepcap (D:4)
  5 scorpion zombies (Ossuary)
  Terence (D:2)
  2 iguanas (D:5)
  An orc wizard (D:5)
  3 mummies (Ossuary)
  Robin (D:2)
  4 gnolls (D:3)
  6 adders
  A white imp (D:5)
  An ufetubus (D:5)
  A worm (D:2)
  3 dart slugs
  13 orcs
  6 ball pythons
  7 endoplasms
  4 giant cockroaches (D:2)
  A gnoll zombie (Ossuary)
  9 hobgoblins
  8 jackals
  3 quokkas
  5 bats
  5 frilled lizards
  17 goblins
  3 hobgoblin zombies (Ossuary)
  3 kobolds
  4 kobold zombies (Ossuary)
  4 rats
148 creatures vanquished.

Vanquished Creatures (others)
  A plant (D:6)
1 creature vanquished.

Grand Total: 149 creatures vanquished

Notes
Turn   | Place    | Note
-------+----------+-------------------------------------------
     0 | D:1      | retardedninja the Gnoll Fighter began the quest for the
                  | Orb.
     0 | D:1      | Reached XP level 1. HP: 23/23 MP: 1/1
   112 | D:1      | Reached XP level 2. HP: 16/29 MP: 2/2
   501 | D:2      | Reached XP level 3. HP: 35/35 MP: 2/4
   565 | D:2      | Reached skill level 1 in Invocations
   657 | D:2      | Reached skill level 1 in Short Blades
   657 | D:2      | Reached skill level 1 in Long Blades
   657 | D:2      | Reached skill level 1 in Axes
   657 | D:2      | Reached skill level 1 in Polearms
   657 | D:2      | Reached skill level 1 in Staves
   657 | D:2      | Reached skill level 1 in Ranged Weapons
   657 | D:2      | Reached skill level 1 in Throwing
   657 | D:2      | Reached skill level 1 in Dodging
   657 | D:2      | Reached skill level 1 in Stealth
   657 | D:2      | Reached skill level 1 in Unarmed Combat
   657 | D:2      | Reached skill level 1 in Spellcasting
   657 | D:2      | Reached skill level 1 in Evocations
   696 | D:2      | Reached XP level 4. HP: 37/41 MP: 5/5
   720 | D:2      | Noticed Terence
   726 | D:2      | Killed Terence
   727 | D:2      | Reached skill level 1 in Conjurations
   727 | D:2      | Reached skill level 1 in Hexes
   727 | D:2      | Reached skill level 1 in Summonings
   727 | D:2      | Reached skill level 1 in Necromancy
   727 | D:2      | Reached skill level 1 in Translocations
   727 | D:2      | Reached skill level 1 in Transmutations
   727 | D:2      | Reached skill level 1 in Fire Magic
   727 | D:2      | Reached skill level 1 in Ice Magic
   727 | D:2      | Reached skill level 1 in Air Magic
   727 | D:2      | Reached skill level 1 in Earth Magic
   727 | D:2      | Reached skill level 1 in Poison Magic
  1237 | D:2      | Reached XP level 5. HP: 49/49 MP: 6/11
  1285 | D:3      | Noticed Robin
  1488 | D:2      | Killed Robin
  1489 | D:2      | Reached XP level 6. HP: 54/56 MP: 12/12
  1499 | D:3      | Noticed Grinder
  1717 | D:2      | Paralysed by Grinder for 2 turns
  1719 | D:2      | Killed Grinder
  1720 | D:2      | Reached XP level 7. HP: 48/62 MP: 13/13
  1941 | D:3      | Found a sparkling altar of Nemelex Xobeh.
  1985 | D:3      | Found a faded altar of an unknown god.
  2553 | D:3      | Reached skill level 5 in Invocations
  2860 | D:4      | Noticed Edmund
  2899 | D:3      | Killed Edmund
  3876 | D:4      | Noticed a yak
  3878 | D:4      | Noticed a yak
  3881 | D:4      | Noticed a yak
  3884 | D:4      | Noticed a yak
  3887 | D:4      | Noticed a yak
  3891 | D:4      | Killed a yak
  3892 | D:4      | Reached XP level 8. HP: 38/57 MP: 15/15
  3892 | D:4      | Noticed a yak
  3905 | D:4      | Killed a yak
  3906 | D:4      | Killed a yak
  3907 | D:4      | Reached skill level 5 in Short Blades
  3907 | D:4      | Reached skill level 5 in Long Blades
  3907 | D:4      | Reached skill level 5 in Axes
  3907 | D:4      | Reached skill level 5 in Polearms
  3907 | D:4      | Reached skill level 5 in Staves
  3907 | D:4      | Reached skill level 5 in Ranged Weapons
  3907 | D:4      | Reached skill level 5 in Throwing
  3907 | D:4      | Reached skill level 5 in Dodging
  3907 | D:4      | Reached skill level 5 in Stealth
  3907 | D:4      | Reached skill level 5 in Unarmed Combat
  3907 | D:4      | Reached skill level 5 in Spellcasting
  3907 | D:4      | Reached skill level 5 in Evocations
  3914 | D:4      | Killed a yak
  4191 | D:4      | Killed a yak
  4198 | D:4      | Killed a yak
  4199 | D:4      | Reached XP level 9. HP: 71/75 MP: 16/16
  4230 | D:4      | Found a runed translucent door.
  4231 | D:4      | Noticed Crazy Yiuf
  4486 | D:5      | Entered Level 5 of the Dungeon
  4543 | D:5      | Found a sand-covered staircase.
  4548 | Ossuary  | Entered an ossuary
  5249 | D:5      | Found a basalt altar of Yredelemnul.
  5250 | D:5      | Found a radiant altar of Vehumet.
  5760 | D:6      | Found a white marble altar of Elyvilon.
  5773 | D:6      | HP: 1/75 [electric eel/bolt of electricity (12)]
  5773 | D:6      | Killed from afar by an electric eel

Illustrated notes

Levels and vault maps discovered:
D:1:      dpeg_arrival_tiny_k, layout_rooms
D:2:      layout_basic, eino_tiny_chamber, kennysheep_generic_room_2,
          uniq_terence
D:3:      layout_basic, nemelex_spade_bored_becter,
          hellmonk_ecumenical_altar_lost_god, kennysheep_potato, uniq_robin,
          uniq_grinder
D:4:      layout_rooms, serial_co_window_serial, co_window_corner_a,
          co_window_paths_b, co_window_paths_b, co_window_of_opportunity_a,
          co_window_paths_a, co_window_unsneaky_path_e,
          co_window_unsneaky_path_d, co_window_corner_b, co_window_paths_d,
          co_window_4corner_a, glass_columns_a, uniq_crazy_yiuf_cottage,
          uniq_edmund
D:5:      layout_loops_ring, jmf_multi_god_temple, enter_ossuary_2,
          minivault_24, minmay_tree_intersection
D:6:      layout_basic, nicolae_elyvilon_temple_path, xom_butterflies

Skill      XL: |  1  2  3  4  5  6  7  8  9 |
---------------+----------------------------+-----
Invocations    | 1 4 5 6 |  6.0
Short Blades   | 1 4 5 |  5.5
Long Blades    | 1 4 5 |  5.5
Axes           | 1 4 5 |  5.5
Polearms       | 1 4 5 |  5.5
Staves         | 1 4 5 |  5.5
Ranged Weapons | 1 4 5 |  5.5
Throwing       | 1 4 5 |  5.5
Dodging        | 1 4 5 |  5.5
Stealth        | 1 4 5 |  5.5
Unarmed Combat | 1 4 5 |  5.5
Spellcasting   | 1 4 5 |  5.5
Evocations     | 1 4 5 |  5.5
Conjurations   | 3 4 |  4.5
Hexes          | 3 4 |  4.5
Summonings     | 3 4 |  4.5
Necromancy     | 3 4 |  4.5
Translocations | 3 4 |  4.5
Transmutations | 3 4 |  4.5
Fire Magic     | 3 4 |  4.5
Ice Magic      | 3 4 |  4.5
Air Magic      | 3 4 |  4.5
Earth Magic    | 3 4 |  4.5
Poison Magic   | 3 4 |  4.5
Fighting       | 7 8 |  8.6
Maces & Flails | 6 7 |  7.2
Armour         | 7 8 |  8.6
Shields        | 7 8 |  8.6

Action                     |  1- 3 |  4- 6 |  7- 9 || total
---------------------------+-------+-------+-------++-------
  Melee: Flail             |    95 |    72 |    88 ||   255
         Bite              |     4 |     5 |    37 ||    46
         Dire flail        |       |       |   223 ||   223
  Throw: Javelin           |       |       |     4 ||     4
  Evoke: Wand              |       |       |     2 ||     2
    Use: Scroll            |       |     5 |    12 ||    17
         Potion            |       |     2 |     5 ||     7
   Stab: Paralysed         |       |       |     1 ||     1
 Armour: Scale mail        |    48 |       |       ||    48
         Chain mail        |       |    61 |   167 ||   228
         Skin              |       |       |    55 ||    55
  Dodge: Dodged            |    52 |    39 |   138 ||   229
  Block: Buckler           |    33 |    27 |    30 ||    90

Table legend: (Time is in decaauts)
 A = Elapsed time spent in this place.
 B = Non-inter-level travel time spent in this place.
 C = Inter-level travel time spent in this place.
 D = Time resting spent in this place.
 E = Time spent auto-exploring this place.
 F = Levels seen in this place.
 G = Mean time per level.
                   A        B        C        D        E       F      G
               +--------+--------+--------+--------+--------+-----+--------+
         Total |   5796 |   5569 |    227 |    864 |   3492 |   7 |  828.0 |
       Dungeon |   5355 |   5128 |    227 |    864 |   3257 |   6 |  892.5 |
       Ossuary |    441 |    441 |      0 |      0 |    235 |   1 |  441.0 |
               +--------+--------+--------+--------+--------+-----+--------+

Top non-repeatable levels by time:
     D:2: 1422 daAuts
     D:3: 1340 daAuts
     D:4: 1297 daAuts
     D:5: 798 daAuts
     D:1: 457 daAuts
 Ossuary: 441 daAuts
     D:6: 39 daAuts
